 Dungeon Crawl Stone Soup version 0.17-a0-1545-gc1bb672 (webtiles) character file.

70324 nubinia the Frost Mage (level 15, -2/103 HPs)
             Began as a Merfolk Ice Elementalist on July 16, 2015.
             Was the Champion of Sif Muna.
             Slain by a spectral storm dragon (6 damage)
             ... called from beyond by a ghost crab
             ... on level 1 of the Swamp on July 18, 2015.
             The game lasted 04:45:57 (32021 turns).

nubinia the Frost Mage (Merfolk Ice Elementalist)  Turns: 32021, Time: 04:45:58

Health: -2/103     AC: 12    Str: 19    XL:     15   Next: 32%
Magic:  0/41       EV: 18    Int: 22    God:    Sif Muna [******]
Gold:   1538       SH:  0    Dex: 14    Spells: 11 memorised, 4 levels left

rFire  . . .     SeeInvis .     b - +9 spear (elec)
rCold  . . .     Clarity  .     R - +1 troll leather armour of Piduzori {*Drain Regen+ Str+7 Int+4}
rNeg   + . .     SustAt   .     (no shield)
rPois  .         Gourm    .     j - +0 helmet
rElec  .         Spirit   +     I - +1 cloak
rCorr  .         Warding  .     A - +0 pair of gloves
rMut   .         Stasis   .     P - +2 pair of boots {run}
MR     +....                    l - amulet of guardian spirit
Stlth  +++.......               o - ring of positive energy
                                w - ring of magical power

@: drained, quick, somewhat resistant to hostile enchantments, fairly stealthy
A: change form in water, swift swim
a: Channel Energy, Forget Spell, Renounce Religion


You were on level 1 of the Swamp.
You worshipped Sif Muna.
Sif Muna was exalted by your worship.
You were not hungry.

You visited 5 branches of the dungeon, and saw 26 of its levels.

You collected 2514 gold pieces.
You spent 976 gold pieces at shops.

Inventory:

Hand weapons
 a - a +1 trident of venom
 b - a +9 spear of electrocution (weapon)
 h - a +4 flail of holy wrath
 B - a +0 blowgun
Missiles
 p - 3 curare-tipped needles
Armour
 j - a +0 helmet (worn)
 q - a +0 buckler
 A - a +0 pair of gloves (worn)
 I - a +1 cloak (worn)
 P - a +2 pair of boots of running (worn)
 R - the +1 troll leather armour of Piduzori (worn) {*Drain Regen+ Str+7 Int+4}
   (You bought it in a shop on level 4 of the Orcish Mines)

   It affects your strength (+7).
   It affects your intelligence (+4).
   It increases your rate of regeneration.
   It causes draining when unequipped.
Jewellery
 g - an uncursed ring of protection from fire
 i - an uncursed ring of sustain attributes
 l - an amulet of guardian spirit (around neck)
 n - an uncursed ring of protection from cold
 o - a ring of positive energy (right hand)
 w - a ring of magical power (left hand)
 G - an uncursed ring of protection from magic
 X - a +4 ring of intelligence
 Y - the ring of Okawaru's Reproof {-Tele rF- rC+ SInv Stlth+}
   (You found it on level 1 of the Lair of Beasts)

   [ring of stealth]

   It makes you vulnerable to fire.
   It protects you from cold.
   It lets you see invisible.
   It prevents most forms of teleportation.
   It makes you more stealthy.
Magical devices
 f - a wand of cold (2)
 H - a wand of hasting (3)
 J - a wand of draining (6)
 L - a wand of lightning (3)
 T - a wand of teleportation (2)
 U - a wand of disintegration (3)
Scrolls
 c - a scroll of holy word
 d - 6 scrolls of magic mapping
 v - 5 scrolls of identify
 C - 4 scrolls of teleportation
 K - 2 scrolls of fear
 N - a scroll of fog
 Q - 4 scrolls of recharging
 S - 3 scrolls of blinking
 V - 10 scrolls of remove curse
Potions
 e - a potion of haste
 k - 2 potions of invisibility
 m - 2 potions of agility
 s - a potion of flight
 t - a potion of brilliance
 u - 5 potions of magic
 x - 4 potions of curing
 M - 2 potions of resistance
 O - 3 potions of cancellation
 W - 4 potions of might
 Z - 3 potions of heal wounds
Comestibles
 z - 13 meat rations


   Skills:
 + Level 5.2(4.9) Fighting
 + Level 1.2(1.0) Maces & Flails
 + Level 7.4(7.0) Polearms
   Level 0.5(0.3) Bows
 + Level 0.4(0.1) Throwing
 + Level 0.8(0.5) Armour
 + Level 10.6(10.2) Dodging
 + Level 6.1(5.7) Stealth
 + Level 3.0(2.7) Shields
 + Level 0.2(0.0) Unarmed Combat
 * Level 13.0(12.6) Spellcasting
 + Level 5.2(4.9) Conjurations
 * Level 9.7(9.3) Charms
 * Level 7.6(7.3) Summonings
 + Level 1.7(1.4) Necromancy
 + Level 1.9(1.6) Translocations
 * Level 13.9(13.6) Ice Magic
 - Level 5.0(4.7) Invocations


You had 4 spell levels left.
You knew the following spells:

 Your Spells              Type           Power        Failure   Level  Hunger
a - Freeze                Ice            ####         1%          1    None
b - Throw Frost           Conj/Ice       ######       1%          2    None
c - Condensation Shield   Ice            ######....   1%          4    None
d - Throw Icicle          Conj/Ice       ######..     1%          4    None
e - Summon Ice Beast      Ice/Summ       ######..     1%          4    None
f - Ozocubu's Refrigerat  Ice            ######....   3%          6    #####..
g - Shroud of Golubria    Chrm/Tloc      #####.....   1%          2    None
h - Call Canine Familiar  Summ           #####...     1%          3    None
i - Ice Form              Ice/Trmt       #####...     4%          4    None
o - Ozocubu's Armour      Chrm/Ice       ######..     1%          3    None
R - Regeneration          Chrm/Necr      #####.....   1%          3    None


Dungeon Overview and Level Annotations

Branches:
Dungeon (12/15)            Temple (1/1) D:6            Lair (8/8) D:8
  Swamp (1/4) Lair:5       Spider (0/4) Lair:6        Slime (0/6) Lair:7
    Orc (4/4) D:12            Elf (0/3) Orc:4

Altars:
Ashenzari
Cheibriados
Dithmenos
Elyvilon
Fedhas
Gozag
Kikubaaqudgha
Makhleb
Nemelex Xobeh
Qazlal
Sif Muna
Xom
Yredelemnul
Zin
Beogh

Shops:
D:5 (   D:10 ?   Orc:4 ![[(

Annotations:
D:5 exclusion: player ghost, Ajdolov's ghost, experienced OpAs
Lair:2 exclusion: 4 oklob plants


Message History

You puncture the ghost crab!
There is a sudden explosion of sparks!
The ghost crab is almost dead.
You are engulfed in spectral mist.
The spectral giant leech bites you!
* * * LOW HITPOINT WARNING * * *
Unknown command.
You hit the ghost crab but do no damage.
The ghost crab is almost dead.
You are engulfed in spectral mist.
The ghost crab bites you.
* * * LOW HITPOINT WARNING * * *
You partially resist.
You feel drained.
The ghost crab claws you but does no damage.
Unknown command.
You hit the ghost crab but do no damage.
The ghost crab is almost dead.
You are engulfed in spectral mist.
* * * LOW HITPOINT WARNING * * *
The spectral storm dragon bites you!!
* * * LOW HITPOINT WARNING * * *
The spectral storm dragon claws you!
You die...

♣♣♣≈.≈♣ .♣♣.......≈≈..♣
♣♣..≈♣♣ ♣♣...≈≈≈≈≈.♣♣
≈≈.≈≈≈♣ ♣.≈≈≈≈≈≈♣.♣
≈.≈..♣≈♣..≈. ♣.≈≈♣≈≈≈≈≈♣
≈≈...^≈...≈♣♣
♣...♣≈≈≈♣≈♣
.......♣..≈.♣ ♣.≈......
##..##....≈♣ ♣♣§§§≈....
.#..##...≈.♣♣ ♣t≈§≈.....
##.....#...≈♣ ♣♣@Z≈§≈≈..
....#......≈♣♣♣.ZZ§§≈♣..
..........≈≈.♣♣.§♣§.≈≈≈§
.≈≈...##.....♣.§≈♣♣..≈≈♣
...≈..#...≈...≈≈≈≈.♣..♣♣
..≈...#...≈..≈≈≈≈≈≈.♣.♣
......###.≈.♣≈≈§.≈≈.♣.♣
....#.....≈.≈..≈.♣.≈..♣
#..##..#..≈≈....≈...♣♣♣


You could see a ghost crab, a spectral giant leech, a spectral storm dragon and
a spectral centaur.

Vanquished Creatures
  An orc warlord (Orc:4)
  Snorg (Lair:3)
  A hydra (Lair:2)
  A catoblepas (Lair:8)
  An alligator (Swamp:1)
  5 death yaks
  A deep troll shaman (Lair:8)
  An orc high priest (Orc:4)
  Sonja (Lair:4)
  A hill giant (D:11)
  Pikel (D:8)
  A lindwurm (Lair:7)
  A manticore (D:12)
  An ugly thing (D:11)
  An orc knight (Orc:3)
  A cyclops (Orc:4)
  3 orc sorcerers
  The ghost of Duffy the Summoner, an experienced OpSu of Sif Muna (D:7)
  7 black mambas
  11 elephants
  11 spiny frogs
  3 centaur skeletons
  4 kobold demonologists
  4 komodo dragons
  2 fire drakes
  A giant leech (Swamp:1)
  2 polar bears
  2 trolls
  A two-headed ogre (D:5)
  Prince Ribbit (D:7)
  A bog body (Swamp:1)
  16 blink frogs
  A deep elf fighter (D:8)
  42 yaks
  2 basilisks
  3 wyverns
  2 wraiths (Lair:8)
  Menkaure (D:6)
  A human (D:7)
  11 hippogriffs
  3 vampire mosquitoes (Swamp:1)
  4 swamp worms (Swamp:1)
  Edmund (D:6)
  6 insubstantial wisps (Swamp:1)
  3 wargs
  3 hungry ghosts
  10 wolves
  7 water moccasins
  A swamp drake (Swamp:1)
  11 porcupines
  5 sky beasts
  2 slaves (D:8)
  4 ice beasts
  A black bear (Lair:8)
  26 orc warriors
  2 phantoms
  7 ogres
  8 centaurs
  A big kobold (D:11)
  A wasp (Swamp:1)
  A gnoll sergeant (D:8)
  18 crocodiles
  A wyvern zombie (D:10)
  18 giant frogs
  5 scorpions
  11 killer bees
  An electric eel (Lair:3)
  8 wights
  4 crimson imps
  A giant frog zombie (D:9)
  7 jellies
  25 orc priests
  2 quasits
  A giant frog skeleton (D:11)
  Crazy Yiuf (D:3)
  12 iguanas
  28 orc wizards
  7 hounds
  15 worker ants
  4 sheep (D:7)
  A hound zombie (D:6)
  20 adders
  3 worker ant zombies
  15 gnolls
  74 river rats
  5 shadow imps
  An ooze (Lair:7)
  An adder skeleton (D:6)
  An adder zombie (D:7)
  3 worms
  6 giant geckos
  141 orcs
  30 bats
  13 hobgoblins
  12 jackals
  3 quokkas
  A ball python (D:4)
  4 giant cockroaches
  A giant gecko skeleton (D:4)
  6 giant newts
  17 goblins
  A jackal skeleton (D:6)
  25 kobolds
  A quokka zombie (D:6)
  35 rats
  A butterfly (Lair:4)
  A fungus (Lair:8)
851 creatures vanquished.

Vanquished Creatures (collateral kills)
  Rupert (Lair:6)
  Josephine (Lair:8)
  4 hydras
  4 death yaks
  Urug (D:10)
  2 hill giants
  A cyclops (D:10)
  13 elephants
  4 spiny frogs
  A gargoyle (D:10)
  2 komodo dragons
  A two-headed ogre (D:9)
  18 blink frogs
  2 wraiths
  23 yaks
  3 vampire mosquitoes (Swamp:1)
  A hippogriff (Lair:8)
  2 basilisks
  A warg (Orc:2)
  16 wolves
  A swamp worm (Swamp:1)
  3 water moccasins
  7 orc warriors
  5 ogres
  A crocodile (Lair:4)
  4 giant frogs
  A water moccasin skeleton (D:10)
  7 killer bees (D:12)
  A quasit (D:10)
  2 worker ants (D:10)
  6 orc priests
  An iguana (D:9)
  13 orc wizards
  24 river rats
  41 orcs
  4 goblins
  5 hobgoblins
227 creatures vanquished.

Vanquished Creatures (others)
  A water moccasin (Lair:8)
  A swamp worm (Swamp:1)
  2 slaves (D:8)
  3 gnolls (D:5)
  6 river rats (Lair:7)
  38 fungi
  27 plants
78 creatures vanquished.

Grand Total: 1156 creatures vanquished

Notes
Turn   | Place    | Note
--------------------------------------------------------------
     0 | D:1      | nubinia the Merfolk Ice Elementalist began the quest for the Orb.
     0 | D:1      | Reached XP level 1. HP: 13/13 MP: 3/3
   150 | D:1      | Reached XP level 2. HP: 17/19 MP: 0/5
   203 | D:1      | Learned a level 2 spell: Throw Frost
   893 | D:2      | Reached XP level 3. HP: 24/24 MP: 6/6
   898 | D:2      | Learned a level 3 spell: Ozocubu's Armour
   940 | D:2      | Reached skill level 4 in Ice Magic
  1518 | D:2      | Reached XP level 4. HP: 28/30 MP: 6/8
  2861 | D:3      | Reached XP level 5. HP: 36/36 MP: 9/9
  3316 | D:4      | Noticed a sky beast
  3971 | D:4      | Reached XP level 6. HP: 35/42 MP: 7/11
  4142 | D:4      | Noticed an ogre
  4946 | D:5      | Entered Level 5 of the Dungeon
  5093 | D:5      | Reached skill level 5 in Ice Magic
  5168 | D:5      | Found a stormy altar of Qazlal.
  5173 | D:5      | Found a shimmering altar of Xom.
  5173 | D:5      | Found a burning altar of Makhleb.
  5265 | D:5      | Noticed Ajdolov's ghost (experienced OpAs)
  5437 | D:5      | Noticed a two-headed ogre
  5542 | D:5      | Reached XP level 7. HP: 47/47 MP: 7/14
  5793 | D:5      | Found a blossoming altar of Fedhas.
  5795 | D:5      | Found an ancient bone altar of Kikubaaqudgha.
  5911 | D:5      | Reached skill level 5 in Spellcasting
  6068 | D:5      | Found Qiefoec's Weapon Shoppe.
  6791 | D:6      | Reached skill level 5 in Dodging
  6904 | D:6      | Reached XP level 8. HP: 46/53 MP: 13/16
  6966 | D:6      | Reached skill level 6 in Ice Magic
  7048 | D:6      | Reached skill level 1 in Maces & Flails
  7192 | D:6      | Noticed Edmund
  7434 | D:3      | Noticed Crazy Yiuf
  7440 | D:3      | Killed Crazy Yiuf
  7440 | D:3      | Reached skill level 1 in Fighting
  7581 | D:4      | Killed an ogre
  7793 | D:4      | Killed a sky beast
  7910 | D:4      | Reached skill level 1 in Polearms
  8051 | D:5      | Killed a two-headed ogre
  8184 | D:6      | Killed Edmund
  8184 | D:6      | Reached skill level 7 in Spellcasting
  8184 | D:6      | Reached skill level 1 in Charms
  8184 | D:6      | Reached XP level 9. HP: 58/61 MP: 7/19
  8372 | D:5      | Reached skill level 1 in Conjurations
  8722 | D:6      | Noticed Menkaure
  8734 | D:6      | Killed Menkaure
  8914 | D:6      | Found a staircase to the Ecumenical Temple.
  8919 | Temple   | Entered the Ecumenical Temple
  8927 | Temple   | Became a worshipper of Sif Muna the Loreminder
  8991 | D:7      | Noticed Duffy's ghost (experienced OpSu)
  9591 | D:7      | Found a shattered altar of Ashenzari.
  9603 | D:7      | Found a blossoming altar of Fedhas.
  9665 | D:7      | Learned a level 4 spell: Condensation Shield
  9858 | D:7      | Killed Duffy's ghost
 10095 | D:7      | Acquired Sif Muna's first power
 10095 | D:7      | Reached skill level 8 in Ice Magic
 10228 | D:7      | Noticed Prince Ribbit
 10264 | D:7      | Killed Prince Ribbit
 10293 | D:7      | Found a snail-covered altar of Cheibriados.
 10313 | D:7      | Learned a level 2 spell: Shroud of Golubria
 10317 | D:7      | Learned a level 3 spell: Regeneration
 10502 | D:8      | Reached XP level 10. HP: 62/68 MP: 17/21
 11049 | D:8      | Noticed Pikel
 11062 | D:8      | Killed Pikel
 11062 | D:8      | Acquired Sif Muna's second power
 11221 | D:8      | Reached skill level 1 in Invocations
 11255 | D:8      | Gained mutation: Your body sometimes deteriorates upon taking damage. [mutagenic meat]
 11256 | D:8      | Lost mutation: Your body sometimes deteriorates upon taking damage. [potion of cure mutation]
 11580 | D:8      | Reached skill level 1 in Shields
 11609 | D:8      | Reached skill level 9 in Ice Magic
 11638 | D:8      | Learned a level 4 spell: Throw Icicle
 11869 | D:8      | Found a staircase to the Lair.
 12242 | Lair:1   | Entered Level 1 of the Lair of Beasts
 12396 | Lair:1   | Got a bound marble ring
 12398 | Lair:1   | Identified the ring of Okawaru's Reproof {-Tele rF- rC+ SInv Stlth+} (You found it on level 1 of the Lair of Beasts)
 12412 | Lair:1   | Found a glowing silver altar of Zin.
 12995 | Lair:1   | Upgraded the game from 0.17-a0-1533-g2f57bce to 0.17-a0-1534-gf98da79
 13144 | Lair:1   | Reached XP level 11. HP: 52/75 MP: 24/24
 13893 | Lair:1   | Reached skill level 10 in Ice Magic
 14014 | Lair:1   | Reached skill level 1 in Translocations
 14085 | Lair:2   | Learned a level 4 spell: Summon Ice Beast
 14111 | Lair:2   | Acquired Sif Muna's third power
 14231 | Lair:2   | Reached skill level 1 in Summonings
 14427 | Lair:2   | Reached skill level 5 in Charms
 14933 | Lair:2   | Reached skill level 10 in Spellcasting
 14984 | Lair:3   | Noticed a five-headed hydra
 15037 | Lair:2   | Killed a five-headed hydra
 15385 | Lair:3   | Reached XP level 12. HP: 54/82 MP: 21/26
 15462 | Lair:3   | Reached skill level 5 in Polearms
 15541 | Lair:3   | You fall through a shaft for 3 floors!
 15639 | Lair:5   | Reached skill level 5 in Stealth
 15806 | Lair:5   | Reached skill level 1 in Necromancy
 16226 | Lair:3   | Reached skill level 11 in Ice Magic
 16261 | Lair:3   | Noticed Snorg
 16279 | Lair:3   | Killed Snorg
 16654 | Lair:4   | Noticed a seven-headed hydra
 16719 | Lair:4   | Killed a seven-headed hydra
 16750 | Lair:4   | Noticed Sonja
 16782 | Lair:4   | Killed Sonja
 17022 | Lair:4   | Received a gift from Sif Muna
 17023 | Lair:4   | Identified Syeq's Collected Works on the Boosting Frostbite (Sif Muna gifted it to you on level 4 of the Lair of Beasts)
 17030 | Lair:4   | Learned a level 5 spell: Iskenderun's Battlesphere
 17257 | Lair:4   | Reached skill level 5 in Invocations
 17706 | Lair:5   | Found a staircase to the Swamp.
 17821 | Lair:5   | Reached XP level 13. HP: 55/88 MP: 23/27
 18457 | Lair:6   | Found a hole to the Spider Nest.
 18476 | Lair:6   | Noticed an eight-headed hydra
 18484 | Lair:6   | Killed an eight-headed hydra
 18864 | Lair:6   | Identified a +1 pair of boots of running (You found it on level 6 of the Lair of Beasts)
 18904 | Lair:6   | Noticed Rupert
 18951 | Lair:6   | Killed Rupert
 18951 | Lair:6   | Reached skill level 12 in Ice Magic
 19360 | Lair:6   | Received a gift from Sif Muna
 19374 | Lair:6   | Identified Hotipt's Compendium of the Glacier (Sif Muna gifted it to you on level 6 of the Lair of Beasts)
 19386 | Lair:6   | Learned a level 6 spell: Ozocubu's Refrigeration
 19570 | Lair:7   | Reached skill level 5 in Summonings
 19609 | Lair:7   | Found a staircase to the Slime Pits.
 20903 | Lair:8   | Entered Level 8 of the Lair of Beasts
 20998 | Lair:8   | Noticed Josephine
 21043 | Lair:8   | Killed Josephine
 21043 | Lair:8   | Reached XP level 14. HP: 18/96 MP: 7/29
 22423 | Lair:7   | Received a gift from Sif Muna
 22424 | Lair:7   | Identified Sif Muna's Reference Book on the Creative Frostbite (Sif Muna gifted it to you on level 7 of the Lair of Beasts)
 22534 | Lair:8   | Found an ancient bone altar of Kikubaaqudgha.
 22568 | Lair:8   | Reached skill level 10 in Dodging
 22697 | Lair:8   | Reached skill level 5 in Conjurations
 22972 | Lair:8   | Reached skill level 13 in Ice Magic
 24209 | D:10     | Entered Level 10 of the Dungeon
 24271 | D:10     | Noticed Urug
 24312 | D:10     | Killed Urug
 24444 | D:10     | Found Voxta's Magic Scroll Shop.
 24447 | D:10     | Bought a scroll of noise for 11 gold pieces
 25175 | D:10     | Upgraded the game from 0.17-a0-1534-gf98da79 to 0.17-a0-1545-gc1bb672
 26453 | D:12     | Found a staircase to the Orcish Mines.
 26523 | D:11     | Reached skill level 5 in Fighting
 27216 | D:12     | Learned a level 3 spell: Call Canine Familiar
 27590 | Orc:1    | Entered Level 1 of the Orcish Mines
 28360 | Orc:2    | Received a gift from Sif Muna
 28361 | Orc:2    | Identified Sif Muna's Collected Works on Conjuration and Ignition (Sif Muna gifted it to you on level 2 of the Orcish Mines)
 29184 | Orc:3    | Found a roughly hewn altar of Beogh.
 29473 | Orc:4    | Entered Level 4 of the Orcish Mines
 29557 | Orc:4    | Found a staircase to the Elven Halls.
 29687 | Orc:4    | Found a roughly hewn altar of Beogh.
 29700 | Orc:4    | Reached XP level 15. HP: 103/103 MP: 26/31
 29705 | Orc:4    | Found Maopoav's Distillery.
 29875 | Orc:4    | Found a roughly hewn altar of Beogh.
 29946 | Orc:4    | Noticed an orc warlord
 30056 | Orc:4    | Found a roughly hewn altar of Beogh.
 30088 | Orc:4    | Found a roughly hewn altar of Beogh.
 30181 | Orc:4    | Found a roughly hewn altar of Beogh.
 30182 | Orc:4    | Found Tyriun's Antique Armour Shop.
 30213 | Orc:4    | Bought a distressingly furry robe for 165 gold pieces
 30213 | Orc:4    | Bought a scorched troll leather armour for 580 gold pieces
 30223 | Orc:4    | Identified the +2 robe of Fedhas {rF- Str+2 Int-3 SInv} (You bought it in a shop on level 4 of the Orcish Mines)
 30235 | Orc:4    | Identified the +1 troll leather armour of Piduzori {*Drain Regen+ Str+7 Int+4} (You bought it in a shop on level 4 of the Orcish Mines)
 30727 | Orc:4    | Killed an orc warlord
 30850 | Orc:4    | Paralysed by an orc sorcerer for 2 turns
 30902 | Orc:4    | Found Waor Gil's Antique Weapon Shoppe.
 30903 | Orc:4    | Found a roughly hewn altar of Beogh.
 30904 | Orc:4    | Found Zakhize's Antique Armour Emporium.
 30911 | Orc:4    | Bought a glowing trident for 112 gold pieces
 30918 | Orc:4    | Bought a runed hat for 108 gold pieces
 31444 | Lair:4   | Learned a level 4 spell: Ice Form
 31489 | Swamp:1  | Entered Level 1 of the Swamp
 32021 | Swamp:1  | HP: 4/103 [spectral storm dragon[a ghost crab] (14)]
 32021 | Swamp:1  | Slain by a spectral storm dragon

Vault maps used:
D:1:      grunt_arrival_crossed_arrows
D:2:      minmay_bisected
D:3:      first_bread, uniq_crazy_yiuf_cottage
D:4:      minmay_quantized
D:5:      grunt_temple_overflow_champion_of_chaos,
          nicolae_qazlal_eye_of_the_storm,
          grunt_temple_overflow_growth_and_decay, serial_shops,
          nicolae_shop_stone, roderic_filled_cross, kennysheep_generic_room_12
D:6:      temple_doors_c, uniq_edmund, uniq_menkaure
D:7:      lemuel_crystal_altar, lemuel_coloured_pillars_altar, grunt_livestock,
          wad_floor_pattern_untrapped, fedhas_altar_3, uniq_prince_ribbit1
D:8:      grunt_lair_entry_elf_guard_hut, corner_web_ring, uniq_pikel
D:9:      wad_pebble_path, minmay_misc_feat_more_columns
D:10:     hangedman_cross_stitches, serial_shops, kennysheep_mini, uniq_urug
D:12:     david_orc_2
Temple:   circular_temple_12
Lair:1:   lemuel_centaur_altar, serial_bayou_shore_b
Lair:2:   lemuel_slime, small_statue_intersection, minivault_25, disabler_island
Lair:3:   uniq_snorg
Lair:4:   lemuel_fruit_fields, uniq_sonja
Lair:5:   swamp_mist_pool
Lair:6:   beast_lair_carwin_large_3, spider_nest_entry_web_field,
          serial_bayou_shore_b, uniq_rupert
Lair:7:   nicolae_slime_entry_slimehenge
Lair:8:   grunt_lair_end_beastmaster, basic_altar, grunt_megastairs_2,
          uniq_josephine
Swamp:1:  evilmike_swamp_ruin_rubble_2, swamp_pool1, ldierk_geyser,
          cheibrodos_swamp_kobolds
Orc:3:    nicolae_orc_pool_cavern, mines1_david
Orc:4:    grunt_orc_community_town_hall, grunt_orc_community_big_house_1,
          grunt_orc_community_big_house_2, grunt_orc_community_house_1,
          grunt_orc_community_house_1, grunt_orc_community_house_3,
          grunt_orc_community_house_2, grunt_orc_community_house_3,
          grunt_orc_community_house_3

Action                   |  1- 3 |  4- 6 |  7- 9 | 10-12 | 13-15 || total
-------------------------+-------+-------+-------+-------+-------++-------
Melee: Dagger            |    31 |     9 |       |       |       ||    40
       Unarmed           |     1 |       |       |       |    12 ||    13
       Flail             |       |    68 |    68 |     7 |       ||   143
       Trident           |       |       |   194 |   937 |   477 ||  1608
       Spear             |       |       |       |    41 |  1244 ||  1285
 Fire: Shortbow          |       |       |     8 |       |       ||     8
       Blowgun           |       |       |       |    10 |     1 ||    11
 Cast: Freeze            |    48 |    86 |    97 |   189 |    87 ||   507
       Ozocubu's Armour  |       |     5 |    17 |    74 |    85 ||   181
       Throw Frost       |       |     8 |    19 |    30 |    30 ||    87
       Condensation Shie |       |       |     3 |    66 |    65 ||   134
       Shroud of Golubri |       |       |       |    66 |    53 ||   119
       Regeneration      |       |       |       |    62 |    81 ||   143
       Summon Ice Beast  |       |       |       |    51 |   249 ||   300
       Throw Icicle      |       |       |       |     1 |     3 ||     4
       Ozocubu's Refrige |       |       |       |       |     7 ||     7
       Call Canine Famil |       |       |       |       |    15 ||    15
       Iskenderun's Batt |       |       |       |       |     4 ||     4
       Ice Form          |       |       |       |       |     1 ||     1
Invok: Channel Energy    |       |       |     4 |   308 |   479 ||   791
 Abil: End Transformatio |       |       |       |       |     1 ||     1
Evoke: Wand              |       |       |       |       |     3 ||     3
  Use: Potion            |     3 |       |     3 |     6 |     1 ||    13
       Scroll            |     2 |    12 |     1 |     8 |    15 ||    38
 Stab: Sleeping          |     3 |     5 |     6 |    18 |    48 ||    80
       Distracted        |       |       |     3 |     4 |    23 ||    30
  Eat: Chunk             |     3 |    12 |    17 |    77 |   133 ||   242
       Beef jerky        |       |       |     1 |     2 |       ||     3
